 Dungeon Crawl Stone Soup version 0.30-a0-728-gc68057be0a (webtiles) character file.

Game seed: 389619131544704311

46 IdlyInterested the Cutter (level 3, -38/29 HPs)
             Began as a Demonspawn Fighter on Jan 31, 2023.
             Killed from afar by a black draconian knight (52 damage)
             ... with a shard of ice
             ... on level 1 of the Abyss.
             The game lasted 00:03:31 (1391 turns).

IdlyInterested the Cutter (Demonspawn Fighter)      Turns: 1391, Time: 00:03:32

Health: -38/29     AC:  6    Str: 16    XL:     3   Next: 44%
Magic:  2/2        EV:  8    Int:  9    God:
Gold:   37         SH:  4    Dex: 14    Spells: 2/2 levels left

rFire   . . .      SeeInvis .    a - +0 rapier
rCold   . . .      Faith    .    c - +0 buckler
rNeg    . . .      Spirit   .    b - +0 scale mail
rPois   +          Reflect  .    (no helmet)
rElec   .          Harm     .    (no cloak)
rCorr   .          Rampage  .    (no gloves)
Will    .....                    (no boots) Stlth
                                 (no amulet)
HPRegen 0.24/turn                (no ring)
MPRegen 0.08/turn                (no ring)

@: studying Translocations
A: claws 1, spiny 1, hooves 1, low MP 1, poison resistance, evolution 1
a: no special abilities


You were on level 1 of the Abyss.
You visited 1 branch of the dungeon, and saw 2 of its levels.
You visited the Abyss 1 time.

You collected 37 gold pieces.

Inventory:

Hand Weapons
 a - a +0 rapier (weapon)
Missiles
 k - 15 stones (quivered)
 m - 9 poisoned darts
Armour
 b - a +0 scale mail (worn)
 c - a +0 buckler (worn)
Potions
 d - a potion of might
 f - a potion of berserk rage {unknown}
 g - 3 potions of mutation
 h - a potion of cancellation
 i - a potion of heal wounds {unknown}
 j - a potion of haste {unknown}
 l - a potion of lignification {unknown}
 n - a potion of degeneration {unknown}


   Skills:
 - Level 3.0 Fighting
 * Level 3.1 Short Blades
 - Level 1.0 Throwing
 - Level 2.6 Armour
 + Level 0.0 Dodging
 - Level 1.0 Stealth
 - Level 2.6 Shields


You had 2 spell levels left.
You didn't know any spells.
Your spell library contained the following spells:

 Spells                   Type           Power      Damage    Failure   Level
 Magic Dart               Conj           0%         1d3       89%         1
 Call Imp                 Summ           0%         N/A       96%         2
 Sublimation of Blood     Necr           0%         N/A       96%         2
 Mephitic Cloud           Conj/Pois/Air  0%         N/A       99%         3
 Animate Dead             Necr           0%         N/A       100%        4
 Petrify                  Tmut/Erth      0%         N/A       100%        4
 Borgnjor's Vile Clutch   Necr/Erth      0%         N/A       100%        5
 Irradiate                Conj/Tmut      0%         3d11      100%        5
 Death Channel            Necr           0%         N/A       100%        6


Dungeon Overview and Level Annotations

Branches:
Dungeon (2/15)

Altars:

Annotations:
D:2 Terence


Innate Abilities, Weirdness & Mutations

You have sharp fingernails.
You are partially covered in sharp spines.
You have large cloven feet.
Your magical capacity is low. (-10% MP)
Your system is resistant to poisons. (rPois)
You have hidden genetic potential.


Message History

Terence shouts, "DIE!!!"
You miss the adder. Your kick misses the adder.
The adder is almost dead.
The adder barely misses you. The adder is struck by your spines.
You kill the adder!
Training target 1.0 for Throwing reached!
Your Short Blades skill increases to level 3!
Your Throwing skill increases to level 1!
Okay, then.
You hit Terence but do no damage. Terence is struck by your spines.
Terence barely misses you.
You hit Terence.
Terence is moderately wounded.
Terence hits you with a +2 falchion of distortion.
Space warps around you.
You hit Terence. You kick Terence, but do no damage.
Terence is heavily wounded.
Terence hits you with a +2 falchion of distortion.
Space warps around you.
You hit Terence but do no damage.
Terence is heavily wounded.
You block Terence's attack.
You puncture Terence! Your kick misses Terence.
Terence is almost dead.
Terence is struck by your spines.
Terence hits you with a +2 falchion of distortion.
You are cast into the Abyss!
This branch contains the abyssal rune of Zot.
You feel better.
A large abomination comes into view.
A white draconian stormcaller comes into view.
It is wielding a +0 long sword.
The white draconian stormcaller calls down the wrath of Qazlal upon you.
Qazlal smites you!
Ouch! That really hurt!
A black draconian knight comes into view.
It is wielding a +1 heavy dire flail.
The black draconian knight roars!
The black draconian knight gestures at you while chanting.
The shard of ice hits you!!!
Ouch! That really hurt!
You die...

.# #.# ##.q
... ##..
#### ...
...##
#.#.#..#
#.@..#
##.###
#...#.##
#.q...###.#
#....~#..##
..#~~§...#
~~~~~~ .#.
♣~≈~# .. ..
~~#. #.. #
.


You could see a black draconian knight.

Vanquished Creatures
  2 adders (D:2)
  A worm (D:2)
  2 ball pythons
  6 endoplasms
  A hobgoblin (D:1)
  A jackal (D:2)
  A kobold (D:2)
  A quokka (D:2)
  A bat (D:2)
  4 goblins
  4 rats
24 creatures vanquished.

Notes
Turn   | Place    | Note
-------+----------+-------------------------------------------
     0 | D:1      | IdlyInterested the Demonspawn Fighter began the quest for
                  | the Orb.
     0 | D:1      | Reached XP level 1. HP: 18/18 MP: 1/1
   346 | D:1      | Gained mutation: You have sharp fingernails. [demonic
                  | ancestry]
   346 | D:1      | Reached XP level 2. HP: 24/24 MP: 2/2
   769 | D:2      | Identified a scroll of acquirement
   769 | D:2      | Acquired a manual of Translocations
   772 | D:2      | Gained mutation: Your magical capacity is low. (-10% MP)
                  | [potion of mutation]
   772 | D:2      | Gained mutation: You have hidden genetic potential. [potion
                  | of mutation]
   772 | D:2      | Gained mutation: Your system is resistant to poisons.
                  | (rPois) [potion of mutation]
   872 | D:2      | Reached skill level 1 in Stealth
  1077 | D:2      | Gained mutation: You are partially covered in sharp spines.
                  | [demonic ancestry]
  1077 | D:2      | Reached XP level 3. HP: 18/29 MP: 2/2
  1085 | D:2      | Gained mutation: You have large cloven feet. [hidden
                  | potential]
  1329 | D:2      | Noticed Terence
  1334 | D:2      | Reached skill level 1 in Throwing
  1338 | Abyss:1  | Cast into level 1 of the Abyss (Terence)
  1360 | Abyss:1  | Noticed a large abomination
  1390 | Abyss:1  | Noticed a white draconian stormcaller
  1390 | Abyss:1  | Noticed a black draconian knight
  1391 | Abyss:1  | Killed from afar by a black draconian knight

Illustrated notes

Levels and vault maps discovered:
D:1:      spicycebolla_arrival_ecumenical, layout_loops_cross
D:2:      minmay_general_purpose_star, layout_loops_corners, serial_shops,
          nicolae_shop_trees, uniq_crazy_yiuf_cottage, uniq_terence
Abyss:1:  base: D:2, bh_silent_lugonu_exit, guppyfry_abyss_exit_glass_guarded

Skill      XL: |  1  2  3 |
---------------+----------+-----
Short Blades   | 2 3 |  3.1
Stealth        | 1 |  1.0
Throwing       | 1 |  1.0
Fighting       | |  3.0
Armour         | |  2.6
Shields        | |  2.6

Action                     || total
---------------------------++-------
  Melee: Rapier            ||    91
         Kick              ||     2
    Use: Potion            ||     4
         Scroll            ||     1
   Stab: Distracted        ||     1
 Armour: Scale mail        ||    21
  Dodge: Dodged            ||    27
  Block: Buckler           ||    15

Table legend: (Time is in decaauts)
 A = Elapsed time spent in this place.
 B = Non-inter-level travel time spent in this place.
 C = Inter-level travel time spent in this place.
 D = Time resting spent in this place.
 E = Time spent auto-exploring this place.
 F = Levels seen in this place.
 G = Mean time per level.
                   A        B        C        D        E       F      G
               +--------+--------+--------+--------+--------+-----+--------+
         Total |   1403 |   1199 |    204 |     11 |    923 |   3 |  467.7 |
       Dungeon |   1350 |   1146 |    204 |     11 |    902 |   2 |  675.0 |
         Abyss |     52 |     52 |      0 |      0 |     21 |   1 |   52.0 |
               +--------+--------+--------+--------+--------+-----+--------+

Top non-repeatable levels by time:
     D:1: 825 daAuts
     D:2: 524 daAuts
 Abyss:1: 52 daAuts
